General information
- name: BNet
- type: Ladder team game (AT/RT)
- host: Battle.net
- saver: MeanMrMustard
map: TwilightRuins
- players: 8
- length: 51:28
- speed: Fast
- version: 1.26 W3XP
- replay type: Public
» download(236 KB)
Players
team 1 (winner)
naggers_r_us (
purple | 27 APM | 1379 actions | 51:27)
6 Death Knight
3 Death Coil
2 Unholy Aura
1 Animate Dead
5 Lich
2 Frost Nova
3 Frost Armor
» actions
| Assign group hotkey | 21 | |
| Basic commands | 5 | |
| Build / train | 79 | |
| Enter build submenu | 20 | |
| Enter hero's abilities submenu | 11 | |
| Right click | 497 | |
| Select / deselect | 254 | |
| Select group hotkey | 402 | |
| Use ability | 90 | |
1379 total
» units
| Acolyte | 8 | |
| Ghoul | 5 | |
| Crypt Fiend | 13 | |
| Obsidian Statue | 2 | |
| Frost Wyrm | 7 | |
35 total
» upgrades
| Creature Carapace | 2 | |
| Web | 1 | |
| Creature Attack | 3 | |
| Freezing Breath | 1 | |
| Ghoul Frenzy | 1 | |
8 total
» buildings
| Altar of Darkness | 2 | |
| Crypt | 2 | |
| Ziggurat | 11 | |
| Graveyard | 2 | |
| Tomb of Relics | 1 | |
| Halls of the Dead | 1 | |
| Slaughterhouse | 1 | |
| Black Citadel | 1 | |
| Sacrificial Pit | 1 | |
| Boneyard | 2 | |
| Spirit Tower | 3 | |
| Nerubian Tower | 5 | |
| Necropolis | 2 | |
34 total
» build order
00:30 Altar of Darkness
00:38 Crypt
00:49 Ziggurat
01:05 Graveyard
01:22 Ziggurat
01:39 Tomb of Relics
03:51 Halls of the Dead
04:18 Ziggurat
07:16 Ziggurat
08:22 Slaughterhouse
08:42 Black Citadel
08:45 Sacrificial Pit
09:41 Ziggurat
09:42 Ziggurat
09:43 Ziggurat
09:44 Ziggurat
09:44 Ziggurat
09:46 Ziggurat
11:08 Boneyard
11:47 Boneyard
14:26 Spirit Tower
14:27 Spirit Tower
14:30 Nerubian Tower
14:32 Spirit Tower
19:50 Nerubian Tower
19:54 Nerubian Tower
19:56 Nerubian Tower
22:04 Nerubian Tower
26:20 Necropolis
26:25 Ziggurat
26:28 Crypt
26:31 Graveyard
26:35 Altar of Darkness
28:55 Necropolis
» items
| Rod of Necromancy | 3 | |
| Potion of Healing | 1 | |
| Potion of Lesser Invulnerability | 2 | |
| Circlet of Nobility | 1 | |
| Wand of Illusion | 1 | |
| Scroll of Protection | 1 | |
9 total

»
carryme2victory (
green | 24 APM | 1223 actions | 50:13)
6 Demon Hunter
3 Mana Burn
3 Evasion
» actions
| Assign group hotkey | 19 | |
| Basic commands | 19 | |
| Build / train | 51 | |
| ESC pressed | 2 | |
| Enter build submenu | 17 | |
| Enter hero's abilities submenu | 6 | |
| Right click | 540 | |
| Select / deselect | 383 | |
| Select group hotkey | 139 | |
| Use ability | 46 | |
1223 total
» units
| Wisp | 18 | |
| Huntress | 6 | |
| Hippogryph | 13 | |
37 total
» upgrades
| Strength of the Moon | 1 | |
| Strength of the Wild | 2 | |
| Reinforced Hides | 2 | |
5 total
» buildings
| Altar of Elders | 1 | |
| Moon Well | 9 | |
| Hunter's Hall | 1 | |
| Ancient of War | 2 | |
| Tree of Ages | 1 | |
| Ancient of Wind | 2 | |
| Tree of Eternity | 1 | |
17 total
» build order
00:08 Altar of Elders
00:10 Moon Well
01:40 Hunter's Hall
01:52 Ancient of War
02:21 Moon Well
02:27 Ancient of War
04:04 Moon Well
05:10 Tree of Ages
07:57 Ancient of Wind
08:00 Ancient of Wind
08:20 Moon Well
08:57 Moon Well
10:11 Moon Well
11:32 Moon Well
12:29 Moon Well
13:44 Moon Well
15:19 Tree of Eternity
MeanMrMustard (
teal | 40 APM | 2072 actions | 51:28)
7 Archmage
3 Summon Water Elemental
3 Brilliance Aura
1 Mass Teleport
» actions
| Assign group hotkey | 34 | |
| Basic commands | 299 | |
| Build / train | 99 | |
| Enter build submenu | 69 | |
| Enter hero's abilities submenu | 8 | |
| Give item / drop item | 4 | |
| Remove unit from queue | 5 | |
| Right click | 648 | |
| Select / deselect | 435 | |
| Select group hotkey | 271 | |
| Use ability | 200 | |
2072 total
» units
| Peasant | 12 | |
| Footman | 5 | |
| Goblin Shredder | 4 | |
| Gryphon Rider | 7 | |
| Dragonhawk Rider | 4 | |
| Goblin Zeppelin | 2 | |
| Goblin Sapper | 13 | |
47 total
» upgrades
| Masonry | 3 | |
| Swords | 3 | |
| Armor | 4 | |
| Animal War Training | 1 | |
| Storm Hammers | 1 | |
| Cloud | 1 | |
13 total
» buildings
| Altar of Kings | 1 | |
| Barracks | 1 | |
| Farm | 16 | |
| Scout Tower | 41 | |
| Arcane Tower | 1 | |
| Arcane Vault | 3 | |
| Keep | 1 | |
| Lumber Mill | 1 | |
| Town Hall | 5 | |
| Castle | 1 | |
| Guard Tower | 12 | |
| Gryphon Aviary | 6 | |
| Blacksmith | 2 | |
91 total
» build order
00:36 Altar of Kings
00:50 Barracks
00:53 Farm
00:54 Farm
01:05 Farm
02:00 Farm
02:04 Farm
02:09 Scout Tower
02:41 Arcane Tower
03:35 Arcane Vault
03:54 Keep
04:11 Lumber Mill
05:24 Town Hall
05:27 Scout Tower
05:27 Scout Tower
05:28 Scout Tower
05:28 Scout Tower
05:59 Farm
06:20 Castle
06:58 Guard Tower
07:02 Arcane Vault
07:36 Gryphon Aviary
07:37 Gryphon Aviary
07:47 Gryphon Aviary
08:32 Gryphon Aviary
08:40 Blacksmith
08:43 Blacksmith
09:03 Scout Tower
09:04 Scout Tower
09:23 Scout Tower
09:26 Scout Tower
09:27 Scout Tower
09:29 Scout Tower
09:31 Scout Tower
10:00 Guard Tower
10:03 Guard Tower
10:06 Guard Tower
10:32 Guard Tower
10:51 Guard Tower
12:51 Scout Tower
12:51 Scout Tower
12:52 Scout Tower
12:52 Scout Tower
12:53 Scout Tower
13:23 Farm
13:23 Farm
13:24 Farm
13:24 Farm
13:25 Farm
14:12 Guard Tower
16:40 Arcane Vault
20:34 Town Hall
20:43 Scout Tower
20:43 Scout Tower
20:46 Scout Tower
20:47 Scout Tower
20:48 Scout Tower
20:49 Scout Tower
20:51 Scout Tower
20:52 Scout Tower
20:53 Scout Tower
20:55 Scout Tower
21:07 Farm
21:07 Farm
21:10 Farm
21:11 Farm
21:13 Scout Tower
21:13 Scout Tower
21:14 Scout Tower
21:14 Scout Tower
21:15 Scout Tower
21:15 Scout Tower
21:25 Gryphon Aviary
21:28 Gryphon Aviary
21:48 Guard Tower
23:38 Farm
24:15 Guard Tower
24:43 Town Hall
24:52 Scout Tower
24:52 Scout Tower
24:57 Scout Tower
24:57 Scout Tower
24:58 Scout Tower
24:58 Scout Tower
24:59 Scout Tower
24:59 Scout Tower
25:25 Guard Tower
25:46 Guard Tower
30:14 Guard Tower
42:08 Town Hall
44:54 Town Hall
» items
| Scroll of Regeneration | 4 | |
| Scroll of Town Portal | 3 | |
| Staff of Sanctuary | 1 | |
| Mechanical Critter | 1 | |
| Periapt of Vitality | 2 | |
11 total
DRAGON_CREATOR (
yellow | 24 APM | 1244 actions | 51:27)
6 Demon Hunter
3 Mana Burn
2 Evasion
1 Metamorphosis
4 Pit Lord
2 Rain of Fire
2 Howl of Terror
» actions
| Assign group hotkey | 15 | |
| Basic commands | 6 | |
| Build / train | 87 | |
| Enter build submenu | 25 | |
| Enter hero's abilities submenu | 11 | |
| Give item / drop item | 4 | |
| Remove unit from queue | 1 | |
| Right click | 390 | |
| Select / deselect | 428 | |
| Select group hotkey | 202 | |
| Use ability | 74 | |
1244 total
» units
| Wisp | 33 | |
| Archer | 3 | |
| Huntress | 7 | |
| Dryad | 6 | |
| Druid of the Talon | 2 | |
| Mountain Giant | 1 | |
| Hippogryph | 4 | |
| Chimaera | 2 | |
| Mur'gul Snarecaster | 1 | |
59 total
» upgrades
| Abolish Magic | 1 | |
| Corrosive Breath | 1 | |
| Reinforced Hides | 1 | |
3 total
» buildings
| Moon Well | 6 | |
| Ancient of War | 1 | |
| Altar of Elders | 1 | |
| Hunter's Hall | 1 | |
| Tree of Ages | 1 | |
| Tree of Life | 6 | |
| Tree of Eternity | 1 | |
| Ancient of Wind | 1 | |
| Ancient of Lore | 1 | |
| Ancient of Wonders | 1 | |
| Chimaera Roost | 2 | |
22 total
» build order
00:32 Moon Well
01:13 Ancient of War
01:27 Moon Well
01:41 Altar of Elders
01:57 Hunter's Hall
02:30 Moon Well
04:20 Tree of Ages
06:28 Tree of Life
07:51 Tree of Eternity
07:58 Ancient of Wind
08:28 Ancient of Lore
08:33 Ancient of Wonders
11:08 Chimaera Roost
11:16 Chimaera Roost
11:45 Moon Well
13:36 Moon Well
13:48 Moon Well
16:25 Tree of Life
16:35 Tree of Life
18:55 Tree of Life
25:57 Tree of Life
26:08 Tree of Life
» items
| Scroll of Town Portal | 1 | |
| Boots of Speed | 2 | |
| Staff of Teleportation | 2 | |
| Periapt of Vitality | 2 | |
| Scroll of Protection | 1 | |
| Claws of Attack +6 | 1 | |
| Health Stone | 1 | |
10 total
team 2 (loser)

»
the_retarded (
blue | 96 APM | 1792 actions | 18:35)
6 Death Knight
3 Death Coil
3 Unholy Aura
» actions
| Assign group hotkey | 191 | |
| Basic commands | 113 | |
| Build / train | 58 | |
| Enter build submenu | 19 | |
| Enter hero's abilities submenu | 6 | |
| Give item / drop item | 2 | |
| Remove unit from queue | 4 | |
| Right click | 441 | |
| Select / deselect | 198 | |
| Select group hotkey | 672 | |
| Use ability | 88 | |
1792 total
» units
| Acolyte | 2 | |
| Ghoul | 1 | |
| Crypt Fiend | 6 | |
| Goblin Shredder | 4 | |
| Banshee | 5 | |
| Obsidian Statue | 2 | |
| Frost Wyrm | 3 | |
23 total
» upgrades
| Creature Attack | 3 | |
| Web | 1 | |
| Banshee Training | 2 | |
| Freezing Breath | 1 | |
7 total
» buildings
| Graveyard | 1 | |
| Crypt | 1 | |
| Altar of Darkness | 1 | |
| Ziggurat | 7 | |
| Tomb of Relics | 1 | |
| Halls of the Dead | 2 | |
| Nerubian Tower | 1 | |
| Black Citadel | 2 | |
| Temple of the Damned | 1 | |
| Sacrificial Pit | 2 | |
| Slaughterhouse | 1 | |
| Boneyard | 1 | |
21 total
» build order
00:43 Graveyard
00:44 Crypt
00:48 Altar of Darkness
01:09 Ziggurat
02:05 Tomb of Relics
02:11 Ziggurat
03:47 Ziggurat
04:53 Halls of the Dead
04:54 Halls of the Dead
06:14 Nerubian Tower
06:50 Ziggurat
07:39 Black Citadel
07:40 Temple of the Damned
07:42 Sacrificial Pit
08:16 Sacrificial Pit
09:10 Ziggurat
09:45 Slaughterhouse
10:04 Boneyard
11:16 Ziggurat
14:37 Ziggurat
» items
| Rod of Necromancy | 1 | |
| Staff of Teleportation | 1 | |
| Scroll of Town Portal | 3 | |
| Lesser Clarity Potion | 2 | |
| Orb of Lightning | 1 | |
8 total
newleaf (
orange | 66 APM | 1259 actions | 18:57)
4 Priestess of the Moon
2 Trueshot Aura
1 Scout
1 Searing Arrows
3 Keeper of the Grove
2 Entangling Roots
1 Thorns Aura
2 Naga Sea Witch
1 Frost Arrows
1 Forked Lightning
» actions
| Assign group hotkey | 21 | |
| Basic commands | 119 | |
| Build / train | 66 | |
| ESC pressed | 3 | |
| Enter build submenu | 19 | |
| Enter hero's abilities submenu | 10 | |
| Give item / drop item | 1 | |
| Right click | 312 | |
| Select / deselect | 216 | |
| Select group hotkey | 410 | |
| Use ability | 82 | |
1259 total
» units
| Wisp | 19 | |
| Archer | 7 | |
| Hippogryph | 7 | |
| Faerie Dragon | 2 | |
| Chimaera | 1 | |
36 total
» upgrades
| Ultravision | 1 | |
| Improved Bows | 1 | |
| Strength of the Wild | 2 | |
| Nature's Blessing | 1 | |
| Reinforced Hides | 1 | |
6 total
» buildings
| Moon Well | 7 | |
| Altar of Elders | 1 | |
| Ancient of War | 1 | |
| Ancient of Wonders | 1 | |
| Tree of Ages | 1 | |
| Hunter's Hall | 1 | |
| Tree of Life | 1 | |
| Ancient of Wind | 3 | |
| Tree of Eternity | 2 | |
| Chimaera Roost | 3 | |
21 total
» build order
00:16 Moon Well
00:22 Altar of Elders
00:50 Ancient of War
01:29 Moon Well
02:50 Ancient of Wonders
03:25 Tree of Ages
03:52 Hunter's Hall
03:55 Moon Well
04:46 Tree of Life
05:34 Moon Well
07:53 Ancient of Wind
07:55 Ancient of Wind
08:52 Tree of Eternity
08:53 Tree of Eternity
10:16 Moon Well
10:41 Moon Well
11:43 Chimaera Roost
12:05 Chimaera Roost
12:08 Chimaera Roost
15:31 Moon Well
16:21 Ancient of Wind
» items
| Scroll of Town Portal | 4 | |
| Staff of Preservation | 1 | |
| Scroll of Regeneration | 2 | |
| Lesser Clarity Potion | 1 | |
| Orb of Corruption | 1 | |
9 total
MNF-JIGABOOQB-S (
pink | 60 APM | 3112 actions | 51:27)
6 Blademaster
3 Wind Walk
2 Critical Strike
1 Bladestorm
4 Shadow Hunter
2 Hex
2 Healing Wave
» actions
| Assign group hotkey | 97 | |
| Basic commands | 17 | |
| Build / train | 82 | |
| Enter build submenu | 39 | |
| Enter hero's abilities submenu | 10 | |
| Give item / drop item | 3 | |
| Right click | 1501 | |
| Select / deselect | 294 | |
| Select group hotkey | 870 | |
| Use ability | 199 | |
3112 total
» units
| Peon | 15 | |
| Goblin Shredder | 2 | |
| Wind Rider | 4 | |
| Troll Batrider | 9 | |
| Dragonhawk Rider | 3 | |
| Raider | 2 | |
| Goblin Zeppelin | 1 | |
36 total
» upgrades
| Ranged Weapons | 2 | |
| Reinforced Defenses | 1 | |
| Envenomed Spears | 1 | |
| Armor | 2 | |
| Liquid Fire | 1 | |
| Ensnare | 1 | |
| Melee Weapons | 1 | |
| Pillage | 1 | |
10 total
» buildings
| Altar of Storms | 1 | |
| Orc Burrow | 6 | |
| War Mill | 2 | |
| Voodoo Lounge | 1 | |
| Watch Tower | 48 | |
| Stronghold | 2 | |
| Fortress | 3 | |
| Great Hall | 2 | |
| Beastiary | 5 | |
| Altar of Elders | 1 | |
| Moon Well | 4 | |
| Necropolis | 1 | |
| Altar of Darkness | 1 | |
77 total
» build order
00:07 Altar of Storms
00:19 Orc Burrow
00:40 War Mill
01:24 Voodoo Lounge
01:53 Watch Tower
02:14 Watch Tower
02:43 Watch Tower
03:16 Stronghold
03:56 Orc Burrow
04:00 Orc Burrow
04:19 Watch Tower
05:10 Watch Tower
05:36 Orc Burrow
05:41 Fortress
05:42 Fortress
06:00 Watch Tower
07:12 Great Hall
07:14 Watch Tower
07:15 Watch Tower
08:35 Beastiary
08:50 Beastiary
09:02 War Mill
09:23 Watch Tower
09:24 Watch Tower
10:41 Watch Tower
10:41 Watch Tower
10:42 Watch Tower
10:43 Watch Tower
11:44 Beastiary
12:49 Watch Tower
12:50 Watch Tower
12:51 Watch Tower
12:55 Watch Tower
14:18 Orc Burrow
14:21 Orc Burrow
14:59 Watch Tower
15:00 Watch Tower
16:16 Watch Tower
16:16 Watch Tower
16:17 Watch Tower
16:17 Watch Tower
16:17 Watch Tower
16:18 Watch Tower
17:45 Watch Tower
17:45 Watch Tower
17:46 Watch Tower
18:58 Watch Tower
18:58 Watch Tower
18:58 Watch Tower
18:59 Watch Tower
20:35 Watch Tower
20:35 Watch Tower
20:36 Watch Tower
20:36 Watch Tower
20:37 Watch Tower
20:37 Watch Tower
20:38 Watch Tower
20:39 Watch Tower
20:39 Watch Tower
20:40 Watch Tower
20:41 Watch Tower
20:41 Watch Tower
26:52 Altar of Elders
26:54 Moon Well
28:18 Moon Well
28:19 Moon Well
28:19 Moon Well
28:45 Necropolis
33:35 Altar of Darkness
35:47 Beastiary
36:09 Stronghold
37:49 Beastiary
38:09 Great Hall
» items
| Healing Salve | 3 | |
| Lesser Clarity Potion | 5 | |
| Staff of Teleportation | 1 | |
| Dust of Appearance | 1 | |
| Boots of Speed | 1 | |
| Scroll of Town Portal | 2 | |
| Orb of Lightning | 1 | |
| Tiny Great Hall | 1 | |
15 total

»
McGuyver (
red | 45 APM | 828 actions | 18:29)
4 Mountain King
2 Thunder Clap
2 Storm Bolt
» actions
| Build / train | 42 | |
| Enter build submenu | 18 | |
| Enter hero's abilities submenu | 4 | |
| Right click | 531 | |
| Select / deselect | 195 | |
| Use ability | 38 | |
828 total
» units
| Peasant | 8 | |
| Footman | 4 | |
| Rifleman | 3 | |
| Gryphon Rider | 7 | |
| Dragonhawk Rider | 3 | |
| Knight | 1 | |
26 total
» upgrades
» buildings
| Altar of Kings | 1 | |
| Farm | 5 | |
| Barracks | 1 | |
| Arcane Vault | 1 | |
| Blacksmith | 1 | |
| Lumber Mill | 1 | |
| Keep | 1 | |
| Scout Tower | 5 | |
| Arcane Tower | 3 | |
| Castle | 1 | |
| Gryphon Aviary | 2 | |
| Guard Tower | 1 | |
23 total
» build order
00:09 Altar of Kings
00:13 Farm
00:22 Barracks
01:31 Farm
01:49 Arcane Vault
02:21 Farm
03:10 Blacksmith
03:59 Lumber Mill
04:03 Keep
04:32 Scout Tower
05:19 Arcane Tower
05:27 Scout Tower
05:56 Farm
06:08 Arcane Tower
08:23 Scout Tower
08:26 Castle
08:32 Gryphon Aviary
08:55 Guard Tower
09:39 Scout Tower
10:12 Arcane Tower
10:40 Gryphon Aviary
12:12 Scout Tower
15:09 Farm
» items
| Scroll of Regeneration | 1 | |
| Potion of Mana | 1 | |
| Potion of Healing | 1 | |
3 total
Chat log
(00:03 / Allies) carryme2victory: teal bs
(00:12 / All) MeanMrMustard: Toby Gerhart to the Colts next year
(00:15 / Allies) DRAGON_CREATOR: bs?
(00:21 / Allies) DRAGON_CREATOR: bastard?
(00:21 / Allies) carryme2victory: backstabb
(00:25 / Allies) MeanMrMustard: huh
(00:27 / Allies) carryme2victory: teamkilling
(00:30 / All) MNF-JIGABOOQB-S: they already have 2 good rb's
(00:41 / All) MeanMrMustard: both suck
(00:44 / All) newleaf: me to buttfuck TN next year
(01:01 / All) carryme2victory: im getting pokemon yellow and a gameboy color for xmas
(01:18 / All) MeanMrMustard: Trent Richardson complete bust
(01:24 / All) carryme2victory: cant wait to play
(01:27 / All) MeanMrMustard: are you 12
(01:33 / All) carryme2victory: all day and trade with link cable
(01:43 / All) MNF-JIGABOOQB-S: handhelds should have died in the 90's
(01:45 / All) MeanMrMustard: worst meme ever
(02:06 / All) newleaf: but handhelds came back stronger than ever... the tablet
(02:12 / All) carryme2victory: u know i like that in yellow u get charmander squirtle and bulbasur
(02:33 / All) MeanMrMustard: Colts were stupid for not trading for Gerhart
(02:38 / All) MeanMrMustard: They could have got him for 4th round pick
(03:33 / All) MNF-JIGABOOQB-S: truce green?
(03:49 / All) carryme2victory: i u tell me how to get evee
(03:54 / All) carryme2victory: on poemon yellow
(04:11 / Allies) carryme2victory: ????
(04:12 / All) carryme2victory: ????
(04:30 / Allies) carryme2victory: rush guys
(04:49 / Allies) carryme2victory: rush
(04:52 / Allies) carryme2victory: pink teching
(04:52 / Allies) carryme2victory: rush
(05:06 / Allies) carryme2victory: now
(05:17 / All) MNF-JIGABOOQB-S: green get the fuck off me nigger
(05:22 / All) MNF-JIGABOOQB-S: i dont want to kill u
(05:29 / Allies) carryme2victory: now or i leave
(06:05 / Allies) carryme2victory: OMFG RUSH
(06:14 / Allies) MeanMrMustard: You can't call rush 10 minutes into the game moron
(06:16 / Allies) carryme2victory: now
(06:17 / Allies) carryme2victory: all teching
(06:18 / Allies) carryme2victory: ffs
(06:25 / Allies) carryme2victory: cjsut come
(06:31 / All) MNF-JIGABOOQB-S: dayum purp?
(06:36 / Allies) MeanMrMustard: It's not a rush 10 minutes into the game
(07:21 / Allies) MeanMrMustard: lumber
(07:26 / Allies) carryme2victory: FUCK U
(07:37 / Allies) DRAGON_CREATOR: fuck green
(07:39 / All) carryme2victory: teching to wyvs ?
(07:45 / All) MNF-JIGABOOQB-S: relax
(08:16 / All) MeanMrMustard: he's irrational as fuck
(09:23 / Allies) naggers_r_us: omw
(11:12 / All) carryme2victory: WIVIES
(11:33 / Allies) carryme2victory: ty
(11:39 / Allies) carryme2victory: im massing aa
(11:48 / All) carryme2victory: mh mh everywhere
(12:14 / Allies) naggers_r_us: some wood would be nice
(12:19 / Allies) naggers_r_us: for frost
(12:23 / Allies) naggers_r_us: ty
(12:48 / Allies) naggers_r_us: expo
(13:11 / Allies) carryme2victory: they all going air
(13:29 / Allies) carryme2victory: yellow
(13:31 / Allies) carryme2victory: just mass chims
(13:33 / Allies) carryme2victory: i got mass hipps
(13:40 / Allies) carryme2victory: cause pink and red going griffons
(14:00 / Allies) carryme2victory: gold plz?
(14:26 / All) MeanMrMustard: I'm going to fuck you up blue you motherfucker
(14:33 / Allies) MeanMrMustard: Lumber
(15:21 / Allies) DRAGON_CREATOR: help for gold
(15:26 / Allies) carryme2victory: i got it
(16:30 / Allies) carryme2victory: hit?
(17:10 / All) MeanMrMustard: Orange and blue yo uwill rue the day you crossed me you motherfuckers
(17:20 / Allies) carryme2victory: go
(17:22 / Allies) carryme2victory: i got ur back
(17:58 / All) naggers_r_us: rape?
(18:06 / All) carryme2victory: where are u dumb fuck
(18:08 / All) the_retarded: yeah pink
(18:12 / All) the_retarded: abscent
(18:14 / All) the_retarded: all the game
(18:14 / All) MNF-JIGABOOQB-S: dont blame me nigger lol
(18:19 / All) carryme2victory: u suck shit
(18:19 / All) the_retarded: wtf we can do
(18:27 / All) naggers_r_us: didint loose one units
(18:29 / All) the_retarded: plus u hacking
(18:33 / All) carryme2victory: look that cutie
(18:34 / All) carryme2victory: on ma base
(19:05 / All) MeanMrMustard: big babies
(19:15 / All) MNF-JIGABOOQB-S: i talked to those faggot allies all game and then when its over they blame me
(19:23 / All) carryme2victory: cause ur shit
(19:31 / All) MNF-JIGABOOQB-S: obviously u are mad
(20:02 / All) carryme2victory: WHY MY HIPPS RAPED UR TEAM
(20:05 / All) carryme2victory: MASSING AIR HEUHEUHEUEH
(20:23 / All) MNF-JIGABOOQB-S: i will rape u niggers
(21:36 / All) naggers_r_us: nice
(21:43 / All) MNF-JIGABOOQB-S: gonna rpae u
(21:50 / All) naggers_r_us: rpae?
(21:54 / All) carryme2victory: raping coming
(22:16 / All) carryme2victory: bye bye
(22:37 / All) carryme2victory: sry noobie
(22:47 / All) carryme2victory: maybe next time
(22:53 / All) MNF-JIGABOOQB-S: keep talking
(22:56 / All) MNF-JIGABOOQB-S: gonn make u look real bad
(23:01 / All) carryme2victory: k
(23:27 / All) carryme2victory: Juan day
(23:34 / All) carryme2victory: im gonna find ya
(23:38 / All) carryme2victory: maybe nesquick
(24:11 / All) naggers_r_us: wow
(24:14 / All) naggers_r_us: really nigger
(25:31 / All) MeanMrMustard: lol
(25:32 / All) MNF-JIGABOOQB-S: told u it was over
(25:53 / All) MNF-JIGABOOQB-S: aka kodos_forsaken's right hand mand
(26:12 / All) carryme2victory: lol that nerd virgin?
(26:19 / All) MNF-JIGABOOQB-S: lemeem guess
(26:26 / All) MNF-JIGABOOQB-S: u "dont care" about this win
(26:28 / All) MNF-JIGABOOQB-S: LOL
(26:30 / All) carryme2victory: kodos#1?
(26:40 / All) MNF-JIGABOOQB-S: bro i invented that
(26:41 / All) carryme2victory: and call us fans?
(26:58 / All) carryme2victory: yeah cause i would love to see that fat nerd
(27:04 / All) carryme2victory: and kick the shit out of his head
(27:12 / All) MeanMrMustard: lol
(27:14 / Allies) naggers_r_us: fucking really nigger
(27:25 / All) MNF-JIGABOOQB-S: can u guys plz give me my hard earned win
(27:28 / All) MNF-JIGABOOQB-S: i won this 1v4
(27:41 / All) carryme2victory: if u
(27:45 / Allies) naggers_r_us: we really gonna lose this one
(27:52 / All) carryme2victory: tell me in spanish
(27:53 / All) carryme2victory: i bs team
(27:54 / Allies) naggers_r_us: teal straight nigger
(27:55 / All) MNF-JIGABOOQB-S: if i had a hammer!
(28:09 / All) MNF-JIGABOOQB-S: u dont have any units to do anything scum
(28:11 / Allies) carryme2victory: lol we lose
(28:19 / All) carryme2victory: mas hippos
(28:45 / All) MeanMrMustard: LULZ
(29:15 / Allies) carryme2victory: why teal
(29:17 / Allies) carryme2victory: killing ourple?
(29:24 / Allies) carryme2victory: or tk
(29:25 / Allies) naggers_r_us: we lose
(29:26 / Allies) carryme2victory: acutally'
(29:29 / All) MeanMrMustard: HEHEHE
(30:04 / Allies) carryme2victory: yeah
(30:08 / Allies) carryme2victory: im just gonna watch this
(30:23 / All) MNF-JIGABOOQB-S: great micro prup
(30:24 / All) MNF-JIGABOOQB-S: u nigger
(30:34 / All) MeanMrMustard: LULZ
(31:01 / Allies) carryme2victory: so whats the plan
(31:04 / Allies) carryme2victory: bs and then leave?
(31:11 / All) MNF-JIGABOOQB-S: i shall upload this replay
(31:14 / All) MNF-JIGABOOQB-S: and tell my friends
(31:16 / All) MNF-JIGABOOQB-S: all of them
(31:54 / All) MeanMrMustard: LOL
(32:03 / All) MNF-JIGABOOQB-S: figure it out yet?
(32:27 / All) MNF-JIGABOOQB-S: try hard yellow over here
(32:57 / All) MNF-JIGABOOQB-S: why are u guys here
(32:58 / All) MNF-JIGABOOQB-S: lol
(33:02 / All) MNF-JIGABOOQB-S: u got rapeddddddddd
(33:42 / All) carryme2victory: k so u guys are friends
(33:51 / All) MNF-JIGABOOQB-S: lol
(33:53 / All) carryme2victory: and u need someone to bs on team
(33:55 / All) carryme2victory: to win
(33:59 / All) carryme2victory: thats the point?
(34:09 / All) MNF-JIGABOOQB-S: i claim ignorance here
(34:15 / All) MeanMrMustard: whatever helps you cope LOL
(34:37 / Allies) carryme2victory: teal
(34:37 / All) MNF-JIGABOOQB-S: i feel bad for u guys
(34:37 / Allies) carryme2victory: so
(34:40 / All) MNF-JIGABOOQB-S: u ALMOST had this one
(34:42 / Allies) carryme2victory: u gonna win the game
(34:43 / Allies) carryme2victory: ?
(34:46 / Allies) carryme2victory: cause im bored
(34:49 / Allies) MeanMrMustard: Nope
(34:50 / Allies) carryme2victory: should i just leavge
(34:54 / Allies) carryme2victory: k
(34:55 / Allies) MeanMrMustard: I want you to leave
(35:02 / Allies) carryme2victory: then i wont
(35:04 / Allies) carryme2victory: lol
(35:10 / Allies) carryme2victory: im just gonna go to bed
(35:14 / All) MNF-JIGABOOQB-S: play another 500 games a month and maybe you'll get as good as teal or me
(35:16 / Allies) MeanMrMustard: That's fine you get to watch the laborious process of me killing all of my own stuff
(35:29 / All) MeanMrMustard: I think that you guys should leave
(35:32 / All) MNF-JIGABOOQB-S: aka green? show ur courage
(35:38 / All) MNF-JIGABOOQB-S: tell me u whom u are
(36:23 / All) MNF-JIGABOOQB-S: u guys really do want this won
(36:31 / All) carryme2victory: teal said
(36:33 / All) carryme2victory: leave
(36:35 / All) carryme2victory: so i wont lol
(36:38 / All) carryme2victory: just watching
(36:48 / All) carryme2victory: gryphons throwing hammers around
(36:53 / All) MNF-JIGABOOQB-S: yes im sure, ive only heard that one hundreds of times
(37:02 / All) carryme2victory: cool story bro
(37:12 / All) MNF-JIGABOOQB-S: didnt i tell u green, not to fuck with me at my base?
(37:14 / All) MNF-JIGABOOQB-S: but no
(37:18 / All) MNF-JIGABOOQB-S: u made me cancel a tower
(37:19 / All) carryme2victory: yeah
(37:21 / All) carryme2victory: i rapped u
(37:22 / All) MNF-JIGABOOQB-S: this is payback
(37:23 / All) carryme2victory: easy
(37:40 / All) carryme2victory: pokemon
(37:41 / All) MNF-JIGABOOQB-S: only thing u raped is a cheeseburger, fat boy
(37:49 / All) carryme2victory: i wonder
(37:52 / All) carryme2victory: if ditto
(37:57 / All) carryme2victory: will ever get an evolution?
(38:28 / All) carryme2victory: I knew teal was tk
(38:30 / All) carryme2victory: from the start
(38:36 / All) carryme2victory: i event old it to the team
(38:37 / All) MeanMrMustard: You're just dumb
(38:43 / All) MNF-JIGABOOQB-S: clan koa lol!
(38:44 / All) carryme2victory: and he bs
(38:47 / All) carryme2victory: and acts cool
(38:48 / All) MeanMrMustard: I gave no indication that I was TK
(38:48 / All) MNF-JIGABOOQB-S: hacking scrub clan
(38:53 / All) MeanMrMustard: You just thought I was from my slow build
(38:55 / All) carryme2victory: yes u did
(38:57 / All) carryme2victory: human level 1
(39:02 / All) MNF-JIGABOOQB-S: teal
(39:03 / All) carryme2victory: smurf account
(39:04 / All) MeanMrMustard: You thought I wasn't making anything
(39:05 / All) carryme2victory: abvious tk
(39:14 / All) MeanMrMustard: Lawl I smurf all the time and don't TK
(39:24 / All) carryme2victory: someone has a life in here
(39:34 / All) MeanMrMustard: That someone is not you
(39:47 / All) carryme2victory: ofcourse is u
(39:51 / All) MeanMrMustard: Exactly
(39:52 / All) carryme2victory: smurfin accounts and tk people
(39:54 / All) carryme2victory: ^^
(39:57 / All) MNF-JIGABOOQB-S: is yellow or the other guy even talking
(40:05 / All) MeanMrMustard: I'm the Grand Goblin King of Never Never Land
(40:11 / All) MNF-JIGABOOQB-S: i dont remember what he did
(40:13 / All) MeanMrMustard: I have important state matters to attend to
(40:15 / All) MNF-JIGABOOQB-S: oh purple
(40:24 / All) carryme2victory: im am jean claude van dam
(40:43 / All) MNF-JIGABOOQB-S: i truly love my anime fix
(40:46 / All) MNF-JIGABOOQB-S: naruto is a beast
(40:49 / All) carryme2victory: O--(O.OQ)
(40:57 / All) carryme2victory: anime
(41:02 / All) carryme2victory: someone is a loser
(41:03 / All) carryme2victory: pew pew
(41:15 / All) carryme2victory: naruto = faggots
(41:23 / All) MNF-JIGABOOQB-S: wat
(41:36 / All) MeanMrMustard: The best anime is the anime not made
(41:37 / All) carryme2victory: wat wat wat
(41:39 / All) MeanMrMustard: because anime sucks
(42:06 / All) carryme2victory: well
(42:07 / All) carryme2victory: peace
(42:08 / All) carryme2victory: niggas
(42:10 / All) MNF-JIGABOOQB-S: u guys should have been able to beat me and teal lol
(42:17 / All) MNF-JIGABOOQB-S: u had 300 food armies of hippos and worms
(42:24 / All) carryme2victory: teal was in my team
(42:25 / All) MNF-JIGABOOQB-S: but alas, the element of surprise came through for us
(42:27 / All) carryme2victory: was i able to tell
(42:34 / All) carryme2victory: haha
(42:36 / All) carryme2victory: indeed
(42:46 / All) MNF-JIGABOOQB-S: read that dink's the art of war book nigga
(42:52 / All) MNF-JIGABOOQB-S: element of surprise is key to victory
(43:04 / All) carryme2victory: well my account is 85% win
(43:04 / All) carryme2victory: so
(43:06 / All) carryme2victory: um
(43:12 / All) MNF-JIGABOOQB-S: ur in a hacking clan called koa
(43:14 / All) carryme2victory: i think i know this better than u
(43:14 / All) MNF-JIGABOOQB-S: That is irrelevant
(43:17 / All) MeanMrMustard: You're about 50%
(43:24 / All) carryme2victory: U guys are below 50%
(43:35 / All) MeanMrMustard: I'm null percent
(43:46 / All) carryme2victory: cause ur kodos
(43:49 / All) carryme2victory: forsucking
(43:53 / All) MeanMrMustard: I'm not kods
(43:55 / All) MeanMrMustard: Kodos
(43:58 / All) MeanMrMustard: I'm Lord Farsany
(43:58 / All) carryme2victory: YEP
(44:01 / All) MeanMrMustard: Lord Farsanky
(44:03 / All) carryme2victory: uR KODOS
(44:08 / All) carryme2victory: KODOS #1
(44:09 / All) MeanMrMustard: The great, glorious AND wonderful
(44:21 / All) MeanMrMustard: See they've been telling it all wrong
(44:24 / All) MeanMrMustard: Kodos is #2
(44:29 / All) MeanMrMustard: Lord Farsanky is in fact #1
(44:37 / All) MeanMrMustard: The greatest of the great Warcraft 3 players
(44:54 / All) MNF-JIGABOOQB-S: my team were dicks
(44:56 / All) MNF-JIGABOOQB-S: i swear
(44:57 / All) carryme2victory: HOW CAN THE COUNCIL OF THE 3 HAMMERS ASSISTS U?
(45:08 / All) MNF-JIGABOOQB-S: they never listened to me, wanted to ONLY hit teal,
(45:25 / All) carryme2victory: nice
(45:28 / All) MeanMrMustard: I didn't get to exact my vengeance upon them
(45:33 / All) MeanMrMustard: For teaming me
(45:42 / All) carryme2victory: well teal was trash
(45:52 / All) carryme2victory: he got carried and the tk when no one was watching
(45:56 / All) MNF-JIGABOOQB-S: why ar eyellow and purple pretending to be afk
(45:58 / All) MeanMrMustard: "carried"
(46:02 / All) MeanMrMustard: all you did was mass hippos and a-move
(46:07 / All) carryme2victory: lo
(46:10 / All) carryme2victory: my hippos
(46:12 / Allies) carryme2victory: rapped their team
(46:14 / All) carryme2victory: including pink
(46:18 / All) carryme2victory: rapped them
(46:24 / All) MeanMrMustard: Well lah dee fucking dah, what do you want a medla?|
(46:30 / All) carryme2victory: all the retards mass frost wyvs
(46:31 / All) MNF-JIGABOOQB-S: im gonna rewatch replay and see if purp and yellow select our units , since they are "afk" right now
(46:31 / All) carryme2victory: LOL
(46:46 / All) carryme2victory: are u that lifeless
(46:46 / All) carryme2victory: ?
(46:57 / All) MeanMrMustard: Here's your metal, *hands you a picture of Jacob Campbell, the boy wonder*
(47:01 / All) MeanMrMustard: manboy wonder
(47:02 / All) carryme2victory: metal?
(47:05 / All) MNF-JIGABOOQB-S: bro, i got a hot ass GF i met on mass effect 2
(47:11 / All) MNF-JIGABOOQB-S: miranda lawson
(47:14 / All) MeanMrMustard: Medal
(47:15 / All) carryme2victory: sure bro
(47:25 / All) MNF-JIGABOOQB-S: she is the ideal woman
(47:25 / All) carryme2victory: i got ur mom what else can i ask for
(47:34 / All) carryme2victory: she swallows
(47:50 / All) MeanMrMustard: What's your opinion of Jacob Campbell?
(47:52 / All) carryme2victory: alt qq
(47:59 / All) carryme2victory: for men o
(48:03 / All) carryme2victory: for me now
(48:10 / Allies) carryme2victory: btw
(48:11 / All) carryme2victory: btw
(48:14 / All) MNF-JIGABOOQB-S: what's your opinion of Robert griffin 3
(48:15 / All) carryme2victory: purple
(48:17 / All) carryme2victory: is wispering me
(48:23 / All) MNF-JIGABOOQB-S: whats he saying
(48:25 / All) carryme2victory: so hes not afk
(48:32 / All) MNF-JIGABOOQB-S: shock shock
(48:40 / All) carryme2victory: yeah ur right he pretends to be afk
(48:43 / Allies) carryme2victory: LOOOOOOL
(48:48 / All) MNF-JIGABOOQB-S: "i think purp posts on wcr.replays .com i could be wrong
(48:48 / All) carryme2victory: LOL
(49:05 / All) carryme2victory: wut
(49:06 / All) carryme2victory: wut
(49:07 / All) MNF-JIGABOOQB-S: theres a wc3 player that alway says "dayum" and acts black
(49:19 / All) carryme2victory: i dont think niggers play this game
(49:20 / All) MNF-JIGABOOQB-S: his alt was GOODBYE JEWS, that guy who used to spam his name
(50:08 / All) carryme2victory: Well
(50:10 / All) carryme2victory: see ya
(50:23 / All) MNF-JIGABOOQB-S: i keep thinking he is u
(50:38 / All) MNF-JIGABOOQB-S: u make a better green player than teal i guess
(50:58 / All) MeanMrMustard: Well purple and yellow are not talking
(51:08 / All) MeanMrMustard: Should I end it?
(51:09 / All) MNF-JIGABOOQB-S: then they are "afk"
(51:19 / All) MNF-JIGABOOQB-S: yes